 Dungeon Crawl Stone Soup version 0.29-a0-723-gce39da1c22 (webtiles) character file.

Game seed: 11038645437451448453

109 fingers the Shield-Bearer (level 4, -1/44 HPs)
             Began as a Troll Fighter on June 28, 2022.
             Was a Follower of Elyvilon.
             Killed by a bolt of acid (45 damage)
             ... invoked by the enmity of Fedhas Madash
             ... on level 3 of the Dungeon.
             The game lasted 00:12:31 (2536 turns).

fingers the Shield-Bearer (Troll Fighter)           Turns: 2536, Time: 00:12:31

Health: -1/44      AC:  4    Str: 26    XL:     4   Next: 60%
Magic:  3/3        EV:  9    Int:  4    God:    Elyvilon [*.....]
Gold:   142        SH:  7    Dex:  9    Spells: 3/3 levels left

rFire   . . .      SeeInvis .   m - +2 whip (elec)
rCold   . . .      Faith    .   b - +0 kite shield
rNeg    . . .      Spirit   .   a - +0 robe
rPois   .          Reflect  .   (helmet restricted)
rElec   .          Harm     .   (no cloak)
rCorr   .          Rampage  .   (gloves unavailable)
Will    .....                   (boots unavailable)
Stlth   +.........              (no amulet)
HPRegen 0.94/turn               (no ring)
MPRegen 0.08/turn               (no ring)

@: studying Spellcasting
A: large, unfitting armour, claws 3, regeneration 1, shaggy fur 1, tough skin 1
a: Renounce Religion, Purification


You were on level 3 of the Dungeon.
You worshipped Elyvilon.
Elyvilon was aware of your devotion.
You visited 1 branch of the dungeon, and saw 3 of its levels.

You collected 142 gold pieces.

Inventory:

Hand Weapons
 m - a +2 whip of electrocution (weapon)
Missiles
 d - 5 boomerangs (quivered)
Armour
 a - a +0 robe (worn)
 b - a +0 kite shield (worn)
Jewellery
 p - a +6 ring of intelligence
Scrolls
 e - a scroll of vulnerability {unknown}
 g - 2 scrolls of identify {unknown}
 j - a scroll of blinking {unknown}
 l - 2 scrolls of teleportation {unknown}
 q - a scroll of poison {unknown}
Potions
 c - 2 potions of might
 f - 2 potions of haste {unknown}
 h - a potion of brilliance {unknown}
 i - a potion of attraction {unknown}
 k - 2 potions of curing {unknown}
 n - a potion of degeneration {unknown}
 o - a potion of heal wounds {unknown}
 r - a potion of lignification {unknown}
 s - a potion of invisibility {unknown}


   Skills:
 + Level 2.8 Fighting
 + Level 0.6 Maces & Flails
 + Level 3.2 Dodging
 + Level 3.3 Shields
 + Level 2.8 Unarmed Combat


You had 3 spell levels left.
You didn't know any spells.
Your spell library contained the following spells:

 Spells                   Type           Power      Damage    Failure   Level
 Freeze                   Ice            0%         1d3       80%         1
 Call Canine Familiar     Summ           0%         N/A       99%         3
 Inner Flame              Hex/Fire       0%         N/A       99%         3
 Portal Projectile        Hex/Tloc       0%         N/A       99%         3
 Summon Guardian Golem    Hex/Summ       0%         N/A       99%         3
 Cause Fear               Hex            0%         N/A       100%        4
 Leda's Liquefaction      Hex/Erth       0%         N/A       100%        4
 Summon Ice Beast         Ice/Summ       0%         N/A       100%        4
 Metabolic Englaciation   Hex/Ice        0%         N/A       100%        5
 Discord                  Hex            0%         N/A       100%        8


Dungeon Overview and Level Annotations

Branches:
Dungeon (3/15)

Altars:
Cheibriados
Elyvilon
Fedhas
Uskayaw


Innate Abilities, Weirdness & Mutations

You are too large for most types of armour.
You have claws for hands.
Your natural rate of healing is unusually fast.
You are covered in fur. (AC +1)
You have tough skin. (AC +1)


Message History

There is an open door here.
There is an open door here.
Found a stone staircase leading up.
There is a stone staircase leading up here.
s - a yellow potion
There is an open door here.
There is an open door here.
There is an open door here.
A kobold comes into view. It is wielding a +0 club.
The kobold hits you but does no damage.
You whack the kobold!
You kill the kobold!
Things that are here:
a +0 club; 4 stones; a kobold corpse
Things that are here:
a +0 club; 4 stones; a kobold corpse An endoplasm comes into view.
The endoplasm quivers.
The endoplasm freezes you.
You are frozen.
You whack the endoplasm!
You kill the endoplasm!
A quokka comes into view.
Found a stone staircase leading up.
The quokka barely misses you.
You barely miss the quokka. The quokka barely misses you.
You block the quokka's attack.
You barely miss the quokka. The quokka barely misses you.
You completely miss the quokka. You block the quokka's attack.
You hit the quokka.
The quokka is almost dead.
You block the quokka's attack. The quokka bites you.
You hit the quokka. Lightning courses through the quokka!
You kill the quokka!
There is a stone staircase leading up here.
Done exploring.
Fedhas invokes nature against you. The bolt of acid hits you!!!
Ouch! That really hurt!
You die...

.# #.##.#.# .#
#.##.#.###### .#
#.##.#......#### .#
#.##.######.##<#
.#######)##.# #.##.#
.........##.# #.##.#
.#######.##.######.##.#
## #...........##.#
####.....@.....#
#############


You could see the enmity of Fedhas Madash (unaware).

Vanquished Creatures
  5 adders
  3 dart slugs
  4 endoplasms
  3 giant cockroaches (D:1)
  7 goblins
  4 hobgoblins
  5 quokkas
  6 ball pythons
  6 bats
  A frilled lizard (D:2)
  4 kobolds
  9 rats
57 creatures vanquished.

Notes
Turn   | Place    | Note
-------+----------+-------------------------------------------
     0 | D:1      | fingers the Troll Fighter began the quest for the Orb.
     0 | D:1      | Reached XP level 1. HP: 22/22 MP: 0/0
    83 | D:1      | Reached XP level 2. HP: 29/29 MP: 1/1
   758 | D:1      | Reached XP level 3. HP: 36/36 MP: 2/2
  1179 | D:2      | Reached XP level 4. HP: 44/44 MP: 3/3
  1693 | D:3      | Found a hide-covered altar of Uskayaw.
  1842 | D:3      | Found a faded altar of an unknown god.
  1852 | D:3      | Prayed at the altar of an unknown god.
  1852 | D:3      | Became a worshipper of Fedhas Madash
  1852 | D:3      | Reached * piety under Fedhas
  2043 | D:3      | Found a faded altar of an unknown god.
  2048 | D:3      | Found a snail-covered altar of Cheibriados.
  2050 | D:3      | Got the Handbook of Entrancing Cold
  2129 | D:3      | Prayed at the altar of an unknown god.
  2129 | D:3      | Fell from the grace of Fedhas
  2129 | D:3      | Became a worshipper of Elyvilon the Healer
  2129 | D:3      | Reached * piety under Elyvilon
  2536 | D:3      | Killed by a bolt of acid

Illustrated notes

Levels and vault maps discovered:
D:1:      minmay_arrival_four_loops, layout_basic, serial_glass,
          glass_columns_b, glass_columns_a, glass_columns_b, glass_columns_c,
          glass_columns_a, glass_columns_a, minmay_misc_feat_roman
D:2:      layout_loops_ring
D:3:      layout_basic, nicolae_overflow_ecumenical_swirl,
          eat_drink_and_be_merry_uskayaw,
          shapermc_ecumenical_altar_mp_highgroup, kennysheep_another_room

Skill      XL: |  1  2  3 |
---------------+----------+-----
Shields        | 3 |  3.3
Dodging        | 3 |  3.2
Fighting       | |  2.8
Maces & Flails | |  0.6
Unarmed Combat | |  2.8

Action                   |  1- 3 |  4- 6 || total
-------------------------+-------+-------++-------
Melee: Unarmed           |   100 |    28 ||   128
       Battleaxe         |       |    39 ||    39
       Whip              |       |    25 ||    25
Throw: Boomerang         |     2 |       ||     2
Armor: Robe              |    40 |    33 ||    73
Dodge: Dodged            |    39 |    55 ||    94
Block: Kite shield       |    52 |    15 ||    67

Table legend: (Time is in decaauts)
 A = Elapsed time spent in this place.
 B = Non-inter-level travel time spent in this place.
 C = Inter-level travel time spent in this place.
 D = Time resting spent in this place.
 E = Time spent auto-exploring this place.
 F = Levels seen in this place.
 G = Mean time per level.
                   A        B        C        D        E       F      G
               +--------+--------+--------+--------+--------+-----+--------+
         Total |   2576 |   2549 |     27 |     33 |   1301 |   3 |  858.7 |
       Dungeon |   2576 |   2549 |     27 |     33 |   1301 |   3 |  858.7 |
               +--------+--------+--------+--------+--------+-----+--------+

Top non-repeatable levels by time:
     D:3: 881 daAuts
     D:2: 861 daAuts
     D:1: 833 daAuts
